BR
PUEBLO PRAIRIE DOGS @ FORT COLLINS COMMONERS
09/22/2026
 
TOP OF THE 1ST
Pueblo Prairie Dogs batting - Pitching for Fort Collins Commoners : RHP Jesús Díaz
Pitching: RHP Jesús Díaz
Batting: RHB José Zumaya 0-0: Foul Ball, location: 2F
0-1: Foul Ball, location: 2F
0-2: Foul Ball, location: 2F
0-2: Ball
1-2: SINGLE (Line Drive, 6M)
Batting: RHB António Pérez 0-0: Ball
1-0: Swinging Strike
1-1: Ball
2-1: Swinging Strike
2-2: Strikes out swinging
Batting: RHB António López 0-0: Called Strike
0-1: Swinging Strike
0-2: Strikes out looking
Batting: SHB José Flores 0-0: Called Strike
0-1: Called Strike
0-2: Foul Ball, location: 2F
0-2: Ball
1-2: Strikes out swinging
Top of the 1st over - 0 run(s), 1 hit(s), 0 error(s), 1 left on base; Pueblo 0 - Fort Collins 0
BOTTOM OF THE 1ST
Fort Collins Commoners batting - Pitching for Pueblo Prairie Dogs : RHP Nakamaro Uenohara
Pitching: RHP Nakamaro Uenohara
Batting: RHB Dennis Garner 0-0: Called Strike
0-1: Swinging Strike
0-2: Fly out, F8 (Flyball, 89XD)
Batting: RHB Pedro García 0-0: Called Strike
0-1: Ball
1-1: SINGLE (Groundball, 34S)
Batting: RHB Rich Henley 0-0: Called Strike
0-1: Ball
1-1: 2-RUN HOME RUN (Flyball, 8LXD) (Inside the Park)
Batting: SHB José Gonzáles 0-0: Ball
1-0: Foul Ball, location: 2F
1-1: Ball
2-1: SOLO HOME RUN (Flyball, 9D), Distance : 374 ft
Batting: RHB Francisco Fernández 0-0: Foul Ball, location: 2F
0-1: Ball
1-1: Ground out 4-3 (Groundball, 13)
Batting: RHB Walter Brown 0-0: Foul Ball, location: 2F
0-1: Fly out, F9 (Popup, 4D)
Bottom of the 1st over - 3 run(s), 3 hit(s), 0 error(s), 0 left on base; Pueblo 0 - Fort Collins 3
TOP OF THE 2ND
Pueblo Prairie Dogs batting - Pitching for Fort Collins Commoners : RHP Jesús Díaz
Batting: RHB Manny Herrera 0-0: Called Strike
0-1: Foul Ball, location: 2F
0-2: Foul Ball, location: 2F
0-2: Ball
1-2: SINGLE (Groundball, 34D)
Batting: RHB Currito Campos 0-0: Called Strike
0-1: Foul Ball, location: 2F
0-2: Grounds into double play, 6-4-3 (Groundball, 6)
Batting: SHB Fernando Valdés 0-0: Called Strike
0-1: Fly out, F7 (Flyball, 78M)
Top of the 2nd over - 0 run(s), 1 hit(s), 0 error(s), 0 left on base; Pueblo 0 - Fort Collins 3
BOTTOM OF THE 2ND
Fort Collins Commoners batting - Pitching for Pueblo Prairie Dogs : RHP Nakamaro Uenohara
Batting: SHB Darren Ramsey 0-0: Ball
1-0: Called Strike
1-1: Ground out 4-3 (Groundball, 4M)
Batting: RHB Monty Crawford 0-0: Ball
1-0: Ball
2-0: Ball
3-0: Base on Balls
Batting: LHB Lorenzo Vargas 0-0: Called Strike
0-1: Ball
1-1: Swinging Strike
1-2: Strikes out swinging
Monty Crawford steals 2nd base
Batter strikes out.
Batting: RHB Dennis Garner 0-0: Ball
1-0: Ball
2-0: DOUBLE (Flyball, 89D)
Monty Crawford scores
Batting: RHB Pedro García 0-0: Ground out 4-3 (Groundball, 4)
Bottom of the 2nd over - 1 run(s), 1 hit(s), 0 error(s), 1 left on base; Pueblo 0 - Fort Collins 4
TOP OF THE 3RD
Pueblo Prairie Dogs batting - Pitching for Fort Collins Commoners : RHP Jesús Díaz
Batting: LHB Salvatorio Navegero 0-0: Ball
1-0: Called Strike
1-1: Foul Ball, location: 2F
1-2: Strikes out looking
Batting: RHB Nakamaro Uenohara 0-0: Called Strike
0-1: Called Strike
0-2: Ball
1-2: Ball
2-2: Strikes out swinging
Batting: RHB José Zumaya 0-0: Foul Ball, location: 2F
0-1: Swinging Strike
0-2: Strikes out swinging
Top of the 3rd over - 0 run(s), 0 hit(s), 0 error(s), 0 left on base; Pueblo 0 - Fort Collins 4
BOTTOM OF THE 3RD
Fort Collins Commoners batting - Pitching for Pueblo Prairie Dogs : RHP Nakamaro Uenohara
Batting: RHB Rich Henley 0-0: Foul Ball, location: 2F
0-1: Called Strike
0-2: SINGLE (Popup, 34D)
Batting: SHB José Gonzáles 0-0: Ball
1-0: Swinging Strike
1-1: Foul Ball, location: 2F
1-2: Foul Ball, location: 2F
1-2: Ball
2-2: Foul Ball, location: 2F
2-2: Ball
3-2: TRIPLE (Line Drive, 7LM)
Rich Henley scores
Batting: RHB Francisco Fernández 0-0: Ball
1-0: Fly out, F9 (Flyball, 89M)
Runner from 3rd tags up, SCORES, no throw
Batting: RHB Walter Brown 0-0: Ball
1-0: Called Strike
1-1: Ball
2-1: Called Strike
2-2: Fly out, F9 (Flyball, 9S)
Batting: SHB Darren Ramsey 0-0: SINGLE (Line Drive, 34)
Batting: RHB Monty Crawford 0-0: Ball
1-0: Foul Ball, location: 2F
1-1: Foul Ball, location: 2F
1-2: Fly out, F8 (Line Drive, 8LM)
Bottom of the 3rd over - 2 run(s), 3 hit(s), 0 error(s), 1 left on base; Pueblo 0 - Fort Collins 6
TOP OF THE 4TH
Pueblo Prairie Dogs batting - Pitching for Fort Collins Commoners : RHP Jesús Díaz
Batting: RHB António Pérez 0-0: Foul Ball, location: 2F
0-1: Ball
1-1: Called Strike
1-2: Ball
2-2: Foul Ball, location: 2F
2-2: Strikes out swinging
Batting: RHB António López 0-0: Foul Ball, location: 2F
0-1: Swinging Strike
0-2: Ball
1-2: Hit by Pitch
Batting: SHB José Flores 0-0: Called Strike
0-1: Ball
1-1: Ball
2-1: Fielders Choice at 2nd, 3-6 (Groundball, 3)
Batting: RHB Manny Herrera 0-0: Called Strike
0-1: Called Strike
0-2: Foul Ball, location: 2F
0-2: Ball
1-2: Strikes out looking
Top of the 4th over - 0 run(s), 0 hit(s), 0 error(s), 1 left on base; Pueblo 0 - Fort Collins 6
BOTTOM OF THE 4TH
Fort Collins Commoners batting - Pitching for Pueblo Prairie Dogs : RHP Nakamaro Uenohara
Batting: LHB Lorenzo Vargas 0-0: Called Strike
0-1: Foul Ball, location: 2F
0-2: Ball
1-2: Ball
2-2: Foul Ball, location: 2F
2-2: SINGLE (Line Drive, 34D)
Batting: RHB Dennis Garner 0-0: Ball
1-0: Grounds into double play, 4-6-3 (Groundball, 4)
Batting: RHB Pedro García 0-0: Fly out, F6 (Popup, 6)
Bottom of the 4th over - 0 run(s), 1 hit(s), 0 error(s), 0 left on base; Pueblo 0 - Fort Collins 6
TOP OF THE 5TH
Pueblo Prairie Dogs batting - Pitching for Fort Collins Commoners : RHP Jesús Díaz
Batting: RHB Currito Campos 0-0: Called Strike
0-1: Foul Ball, location: 2F
0-2: Strikes out swinging
Batting: SHB Fernando Valdés 0-0: Ball
1-0: Ball
2-0: Called Strike
2-1: Swinging Strike
2-2: Strikes out swinging
Batting: LHB Salvatorio Navegero 0-0: Foul Ball, location: 2F
0-1: Ball
1-1: Ball
2-1: Foul Ball, location: 2F
2-2: Strikes out swinging
Top of the 5th over - 0 run(s), 0 hit(s), 0 error(s), 0 left on base; Pueblo 0 - Fort Collins 6
BOTTOM OF THE 5TH
Fort Collins Commoners batting - Pitching for Pueblo Prairie Dogs : RHP Nakamaro Uenohara
Batting: RHB Rich Henley 0-0: Foul Ball, location: 2F
0-1: Ball
1-1: SINGLE (Line Drive, 6MD)
Batting: SHB José Gonzáles 0-0: Called Strike
0-1: Ball
1-1: Swinging Strike
1-2: Ball
2-2: Fly out, F7 (Flyball, 78M)
Batting: RHB Francisco Fernández 0-0: Fly out, F8 (Flyball, 8RM)
Batting: RHB Walter Brown 0-0: Called Strike
0-1: Fly out, F9 (Flyball, 89M)
Bottom of the 5th over - 0 run(s), 1 hit(s), 0 error(s), 1 left on base; Pueblo 0 - Fort Collins 6
TOP OF THE 6TH
Pueblo Prairie Dogs batting - Pitching for Fort Collins Commoners : RHP Jesús Díaz
Batting: RHB Nakamaro Uenohara 0-0: Called Strike
0-1: Swinging Strike
0-2: Ball
1-2: Ball
2-2: Strikes out swinging
Batting: RHB José Zumaya 0-0: Ball
1-0: Called Strike
1-1: Swinging Strike
1-2: Foul Ball, location: 2F
1-2: Strikes out looking
Batting: RHB António Pérez 0-0: Called Strike
0-1: Swinging Strike
0-2: Ball
1-2: Strikes out swinging
Top of the 6th over - 0 run(s), 0 hit(s), 0 error(s), 0 left on base; Pueblo 0 - Fort Collins 6
BOTTOM OF THE 6TH
Fort Collins Commoners batting - Pitching for Pueblo Prairie Dogs : RHP Nakamaro Uenohara
Batting: SHB Darren Ramsey 0-0: Ball
1-0: SINGLE (Line Drive, 34)
Batting: RHB Monty Crawford 0-0: Called Strike
0-1: Called Strike
0-2: SINGLE (Groundball, 56)
Darren Ramsey to second
Batting: LHB Lorenzo Vargas 0-0: Ball
1-0: Foul Ball, location: 2F
1-1: Swinging Strike
1-2: Ball
2-2: Ball
3-2: Base on Balls
Darren Ramsey to third
Monty Crawford to second
Batting: RHB Dennis Garner 0-0: Foul Ball, location: 2F
0-1: Ball
1-1: Fielders Choice at 2nd, 5-4 (Groundball, 56)
Darren Ramsey scores
Monty Crawford to third
Batting: RHB Pedro García 0-0: Called Strike
0-1: Ground out 3-1 (Groundball, 34)
Monty Crawford scores
Dennis Garner to second
Batting: RHB Rich Henley Pickoff Throw to Second - Error! E1
Dennis Garner to third
0-0: Called Strike
0-1: Foul Ball, location: 2F
0-2: Strikes out swinging
Bottom of the 6th over - 2 run(s), 2 hit(s), 1 error(s), 1 left on base; Pueblo 0 - Fort Collins 8
TOP OF THE 7TH
Pueblo Prairie Dogs batting - Pitching for Fort Collins Commoners : RHP Jesús Díaz
Pitching: RHP Oscar Murray
Batting: RHB António López 0-0: Called Strike
0-1: Ball
1-1: Ball
2-1: Swinging Strike
2-2: Foul Ball, location: 2F
2-2: Ball
3-2: Foul Ball, location: 2F
3-2: Ground out 5-3 (Groundball, 56)
Batting: SHB José Flores 0-0: Foul Ball, location: 2F
0-1: Foul Ball, location: 2F
0-2: DOUBLE (Flyball, 7LS)
Batting: RHB Manny Herrera 0-0: Ball
1-0: Called Strike
1-1: Ground out 6-3 (Groundball, 6)
Batting: RHB Currito Campos 0-0: Swinging Strike
0-1: Swinging Strike
0-2: Strikes out swinging
Top of the 7th over - 0 run(s), 1 hit(s), 0 error(s), 1 left on base; Pueblo 0 - Fort Collins 8
BOTTOM OF THE 7TH
Fort Collins Commoners batting - Pitching for Pueblo Prairie Dogs : RHP Nakamaro Uenohara
Batting: SHB José Gonzáles 0-0: Ball
1-0: Ball
2-0: Called Strike
2-1: Foul Ball, location: 2F
2-2: Ball
3-2: SINGLE (Line Drive, 7S)
Batting: RHB Francisco Fernández 0-0: Ball
1-0: Ball
2-0: Ball
3-0: Called Strike
3-1: Called Strike
3-2: Base on Balls
José Gonzáles to second
Batting: RHB Walter Brown 0-0: Ball
1-0: Fly out, F8 (Flyball, 8RM)
Batting: SHB Darren Ramsey 0-0: Ball
1-0: Fly out, F7 (Flyball, 7LM)
Batting: RHB Monty Crawford 0-0: Ball
1-0: Called Strike
1-1: Fly out, F7 (Flyball, 7M)
Bottom of the 7th over - 0 run(s), 1 hit(s), 0 error(s), 2 left on base; Pueblo 0 - Fort Collins 8
TOP OF THE 8TH
Pueblo Prairie Dogs batting - Pitching for Fort Collins Commoners : RHP Oscar Murray
Now at 2B: Glen French
Batting: SHB Fernando Valdés 0-0: Called Strike
0-1: Foul Ball, location: 2F
0-2: SINGLE (Groundball, 4MD)
Batting: LHB Salvatorio Navegero 0-0: Foul Ball, location: 2F
0-1: Ball
1-1: Swinging Strike
1-2: Ball
2-2: Strikes out swinging
Batting: RHB Nakamaro Uenohara 0-0: Called Strike
0-1: Swinging Strike
0-2: Ball
1-2: Ball
2-2: Strikes out swinging
Batting: RHB José Zumaya 0-0: Fly out, F7 (Line Drive, 78M)
Top of the 8th over - 0 run(s), 1 hit(s), 0 error(s), 1 left on base; Pueblo 0 - Fort Collins 8
BOTTOM OF THE 8TH
Fort Collins Commoners batting - Pitching for Pueblo Prairie Dogs : RHP Nakamaro Uenohara
Batting: LHB Lorenzo Vargas 0-0: Ball
1-0: Ball
2-0: Ground out 4-3 (Groundball, 4)
Batting: RHB Dennis Garner 0-0: Ball
1-0: Foul Ball, location: 2F
1-1: TRIPLE (Line Drive, 78D)
Batting: RHB Pedro García 0-0: Ball
1-0: Swinging Strike
1-1: Ball
2-1: Swinging Strike
2-2: Foul Ball, location: 2F
2-2: Foul Ball, location: 2F
2-2: Foul Ball, location: 2F
2-2: Ball
3-2: Base on Balls
Batting: RHB Rich Henley 0-0: Ball
1-0: Called Strike
1-1: Fly out, F9 (Flyball, 9D)
Runner from 3rd tags up, SCORES, no throw
Pitching: RHP Jorge Vázquez
Batting: SHB José Gonzáles 0-0: Called Strike
0-1: Ball
1-1: Ball
Wild Pitch!
Pedro García to second
2-1: Foul Ball, location: 2F
2-2: Ball
3-2: Ground out 6-3 (Groundball, 6)
Bottom of the 8th over - 1 run(s), 1 hit(s), 0 error(s), 1 left on base; Pueblo 0 - Fort Collins 9
TOP OF THE 9TH
Pueblo Prairie Dogs batting - Pitching for Fort Collins Commoners : RHP Oscar Murray
Now at SS: Manuel Moreno
Batting: RHB António Pérez 0-0: Ball
1-0: SINGLE (Line Drive, 34D)
Batting: RHB António López 0-0: Foul Ball, location: 2F
0-1: Ball
1-1: Foul Ball, location: 2F
1-2: Ball
2-2: Foul Ball, location: 2F
2-2: Ball
3-2: DOUBLE (Line Drive, 5D)
António Pérez to third
Batting: SHB José Flores 0-0: Ball
1-0: Ball
2-0: Foul Ball, location: 2F
2-1: Swinging Strike
2-2: Strikes out swinging
Batting: RHB Manny Herrera 0-0: Ball
1-0: Called Strike
1-1: Ball
2-1: Foul Ball, location: 2F
2-2: Foul Ball, location: 2F
2-2: SINGLE (Line Drive, 4MD)
António Pérez scores
António López to third
Batting: RHB Currito Campos 0-0: Ball
1-0: Called Strike
1-1: Swinging Strike
1-2: Strikes out looking
Batting: SHB Fernando Valdés 0-0: Ground out 4-3 (Groundball, 4)
Top of the 9th over - 1 run(s), 3 hit(s), 0 error(s), 2 left on base; Pueblo 1 - Fort Collins 9
Monday, December 5th, 2016 - OOTP Baseball 17.12 Build 75